 Dungeon Crawl Stone Soup version 0.28.0-53-g5a82cb258f (webtiles) character file.

Game seed: 16477319738629097271

485 DemonSlayer the Firebug (level 6, -7/43 HPs)
             Began as a Demonspawn Fire Elementalist on Aug 6, 2022.
             Mangled by an orc warrior
             ... wielding a +0 glaive
              (19 damage)
             ... on level 6 of the Dungeon.
             The game lasted 00:12:32 (6978 turns).

DemonSlayer the Firebug (DsFE)                      Turns: 6978, Time: 00:12:33

Health: -7/43      AC:  5    Str:  8      XL:     6   Next: 88%
Magic:  3/12       EV: 11    Int: 19      God:
Gold:   244        SH:  0    Dex: 13 (15) Spells: 3/13 levels left

rFire   . . .      SeeInvis .   f - +0 great mace
rCold   . . .      Faith    .   (shield currently unavailable)
rNeg    . . .      Spirit   .   k - +0 leather armour of the Catamount {Dex+2}
rPois   .          Reflect  .   (no helmet)
rElec   .          Harm     .   q - scarf {shadows}
rCorr   .          Rampage  .   (no gloves)
Will    .....                   (no boots)
Stlth   ++........              (no amulet)
HPRegen 0.14/turn               p - ring of wizardry
MPRegen 0.13/turn               (no ring)

@: no status effects
A: claws 1, molten scales 1, ignite blood 1, powered by pain 1
a: no special abilities


You were on level 6 of the Dungeon.
You visited 1 branch of the dungeon, and saw 6 of its levels.

You collected 244 gold pieces.

Inventory:

Hand Weapons
 f - a +0 great mace (weapon)
Missiles
 c - 9 poisoned darts (quivered)
Armour
 k - the +0 leather armour of the Catamount (worn) {Dex+2}
   (You found it on level 4 of the Dungeon)

   Dex:       It affects your dexterity (+2).
 q - a scarf of shadows (worn)
Jewellery
 p - a ring of wizardry (left claw)
Wands
 b - a wand of charming (12)
 m - a wand of acid (7)
Scrolls
 h - a scroll of fog
 i - a scroll of amnesia
 l - 3 scrolls of teleportation
 o - a scroll of enchant armour
Potions
 a - a potion of mutation
 d - a potion of might
 e - 2 potions of berserk rage
 g - a potion of attraction
 j - a potion of ambrosia {unknown}
 n - a potion of flight {unknown}
 r - a potion of heal wounds {unknown}


   Skills:
 + Level 1.2 Fighting
 + Level 0.2 Short Blades
 + Level 1.5 Maces & Flails
 + Level 0.9 Armour
 + Level 2.2 Dodging
 + Level 2.5 Stealth
 + Level 4.2 Spellcasting
 + Level 1.4 Conjurations
 + Level 4.7 Fire Magic


You had 3 spell levels left.
You knew the following spells:

 Your Spells              Type           Power      Damage    Failure   Level
a - Foxfire               Conj/Fire      60%        2x1d7     2%          1
b - Scorch                Fire           44%        2d7       1%          2
c - Conjure Flame         Conj/Fire      15%        6-21      6%          3
d - Flame Wave            Conj/Fire      15%        2d6       21%         4

Your spell library contained the following spells:

 Spells                   Type           Power      Damage    Failure   Level
 Inner Flame              Hex/Fire       12%        N/A       9%          3


Dungeon Overview and Level Annotations

Branches:
Dungeon (6/15)
 Temple: D:4-7

Altars:
Nemelex Xobeh


Innate Abilities, Weirdness & Mutations

You have sharp fingernails.
You are partially covered in molten scales. (AC +2)
Your demonic aura sometimes causes spilled blood to erupt in flames.
You sometimes gain a little power by taking damage.


Message History

You don't have enough magic to cast this spell.
You don't have enough magic to cast this spell.
You don't have enough magic to cast this spell.
You don't have enough magic to cast this spell.
You don't have enough magic to cast this spell.
You throw a poisoned dart.
The poisoned dart barely misses the orc priest.
You throw a poisoned dart. The poisoned dart hits the orc priest.
You throw a poisoned dart. The poisoned dart hits the orc priest.
The orc priest is poisoned.
You throw a poisoned dart.
The poisoned dart barely misses the orc priest.
You hit the orc priest.
The orc priest is heavily wounded.
The orc priest hits you with a +0 hand axe.
You hit the orc priest but do no damage.
The orc priest is severely wounded.
The orc priest misses you.
The orc priest hits you with a +0 hand axe.
You barely miss the orc priest.
The orc priest is severely wounded.
The orc priest barely misses you.
You closely miss the orc priest.
The orc priest is severely wounded.
The orc priest looks more healthy.
The orc priest hits you with a +0 hand axe. x2
You barely miss the orc priest.
The orc priest is almost dead.
The orc warrior shouts!
The orc priest hits you but does no damage.
The orc priest hits you with a +0 hand axe.
You hit the orc priest but do no damage.
The orc priest is almost dead.
The orc priest invokes the aid of Beogh against you.
Beogh smites you!
* * * LOW HITPOINT WARNING * * *
You sock the orc priest!
You kill the orc priest!
The orc warrior hits you from afar with a +0 glaive!!
You die...

##.# #... #..#
#..# #..###..
##......o
#######o..###.
#....@)(...(...
#.#####...#####
#.# ##..... #.#
####### #.# #.#
#.# #.# #.#


You could see an orc warrior.

Vanquished Creatures
  A scorpion (D:4)
  2 bullfrog zombies
  A centaur zombie (D:4)
  3 hounds
  An orc priest (D:6)
  A jelly (D:4)
  Ijyb (D:4)
  Terence (D:2)
  2 orc wizards
  4 adders
  A worm (D:3)
  A dart slug (D:2)
  6 orcs
  5 ball pythons
  3 endoplasms
  6 giant cockroaches
  4 goblins
  3 hobgoblins
  4 jackals (D:1)
  A quokka (D:5)
  2 bats (D:2)
  2 frilled lizards (D:2)
  6 kobolds
  3 rats (D:2)
64 creatures vanquished.

Vanquished Creatures (others)
  122 foxfires
122 creatures vanquished.

Grand Total: 186 creatures vanquished

Notes
Turn   | Place    | Note
-------+----------+-------------------------------------------
     0 | D:1      | DemonSlayer the Demonspawn Fire Elementalist began the
                  | quest for the Orb.
     0 | D:1      | Reached XP level 1. HP: 13/13 MP: 3/3
   726 | D:1      | Gained mutation: You are partially covered in molten
                  | scales. (AC +2) [demonic ancestry]
   726 | D:1      | Reached XP level 2. HP: 19/19 MP: 0/5
   729 | D:1      | Learned a level 2 spell: Scorch
  1750 | D:2      | Gained mutation: You sometimes gain a little power by
                  | taking damage. [demonic ancestry]
  1750 | D:2      | Reached XP level 3. HP: 24/24 MP: 2/6
  1945 | D:2      | Noticed Terence
  1954 | D:2      | Killed Terence
  2289 | D:2      | Reached XP level 4. HP: 30/30 MP: 8/8
  2884 | D:2      | Learned a level 3 spell: Conjure Flame
  3470 | D:3      | Reached skill level 1 in Maces & Flails
  3470 | D:3      | Gained mutation: Your demonic aura sometimes causes spilled
                  | blood to erupt in flames. [demonic ancestry]
  3470 | D:3      | Reached XP level 5. HP: 28/36 MP: 0/9
  4077 | D:3      | Learned a level 4 spell: Flame Wave
  4150 | D:4      | Noticed Ijyb
  4156 | D:4      | Killed Ijyb
  4606 | D:4      | HP: 1/54 [something/puff of flame (4)]
  5241 | D:4      | Gained mutation: You have sharp fingernails. [demonic
                  | ancestry]
  5241 | D:4      | Reached XP level 6. HP: 24/42 MP: 1/11
  5446 | D:4      | Reached skill level 1 in Fighting
  5494 | D:4      | Identified the +0 leather armour of the Catamount {Dex+2}
  5975 | D:4      | Found a sparkling altar of Nemelex Xobeh.
  6210 | D:5      | Entered Level 5 of the Dungeon
  6954 | D:6      | Noticed an orc warrior
  6978 | D:6      | Mangled by an orc warrior

Illustrated notes

Levels and vault maps discovered:
D:1:      amcnicky_arrival_blooded_trapdoor, layout_basic
D:2:      layout_basic, uniq_terence
D:3:      layout_basic
D:4:      layout_basic, lemuel_tele_altar, uniq_ijyb
D:5:      layout_gridville, nicolae_concentric_dashed_squares_wild
D:6:      layout_loops_ring, marbit_many_paths, serial_shops,
          nicolae_lakefront_shop, minivault_22, uniq_duvessa

Skill      XL: |  1  2  3  4  5  6 |
---------------+-------------------+-----
Fire Magic     | 3 4 |  4.7
Stealth        | 2 |  2.5
Spellcasting   | 3 4 |  4.2
Maces & Flails | 1 |  1.5
Dodging        | 2 |  2.2
Fighting       | 1 |  1.2
Short Blades   | |  0.2
Armour         | |  0.9
Conjurations   | |  1.4

Action                   |  1- 3 |  4- 6 || total
-------------------------+-------+-------++-------
Melee: Unarmed           |     2 |       ||     2
       Short sword       |     5 |       ||     5
       Great mace        |    12 |    59 ||    71
Throw: Dart              |     2 |     4 ||     6
 Cast: Foxfire           |    43 |    34 ||    77
       Scorch            |     8 |    46 ||    54
       Conjure Flame     |       |     1 ||     1
  Use: Potion            |       |     4 ||     4
       Scroll            |       |     8 ||     8
 Stab: Sleeping          |     2 |     1 ||     3
Armor: Robe              |    12 |    14 ||    26
       Skin              |       |     9 ||     9
       Leather armour    |       |    16 ||    16
Dodge: Dodged            |    29 |    45 ||    74
